 Dungeon Crawl Stone Soup version 0.32-a0-40-g2adb59ae06 (webtiles) character file.

Game seed: 1171219196046263955

558 Newt the Changeling (level 7, -2/46 HPs)
             Began as an Octopode Shapeshifter on Jan 24, 2024.
             Was an Initiate of Wu Jian.
             Slain by an elf zombie (6 damage)
             ... in an ossuary.
             The game lasted 00:04:13 (2964 turns).

Newt the Changeling (Octopode Shapeshifter)         Turns: 2964, Time: 00:04:14

Health: -2/46      AC:  1    Str: 15    XL:     7   Next: 31%
Magic:  7/7        EV: 13    Int: 13    God:    Wu Jian [......]
Gold:   209        SH:  0    Dex: 11    Spells: 6/6 levels left

rFire   . .          .
                       - Unarmed
rCold   . . .        (no shield)
rNeg    . . .        (helmet currently unavailable)
rPois   .            (no amulet)
rElec   .            (no ring)
rCorr   .            (no ring)
SInv    .            (no ring)
Will    .....        (no ring)
Stlth   ++           (no ring)
HPRegen 0.27/turn    (no ring)
MPRegen 0.10/turn    (no ring)
                     (no ring)

%: no passive effects
@: beast-form
A: beast (slay +4), almost no armour, amphibious, 8 rings, camouflage 1,
gelatinous body 1, (nimble swimmer 1), tentacles
a: Begin Untransformation, Renounce Religion


You were in an ossuary.
You worshipped Wu Jian.
Wu Jian was noncommittal.
You were a hulking beast.
You visited 2 branches of the dungeon, and saw 5 of its levels.
You also visited: Ossuary.

You collected 209 gold pieces.

Inventory:

Talismans
 b - a beast talisman
 c - a flux talisman
Scrolls
 e - a scroll of teleportation
 j - 3 scrolls of immolation
Potions
 d - a potion of enlightenment
 g - a potion of resistance
 k - a potion of attraction


   Skills:
 - Level 3.0 Fighting
 + Level 2.3 Dodging
 - Level 3.0 Unarmed Combat
 - Level 7.0 Shapeshifting


You had 6 spell levels left.
You didn't know any spells.
Your spell library contained the following spells:

 Spells                   Type           Power      Damage    Failure   Level
 Slow                     Hex            0%         N/A       30%         1
 Call Imp                 Summ           0%         N/A       43%         2
 Ensorcelled Hibernation  Hex/Ice        0%         N/A       43%         2
 Lesser Beckoning         Tloc           0%         N/A       43%         2
 Sublimation of Blood     Necr           0%         N/A       43%         2
 Fugue of the Fallen      Necr           0%         N/A       67%         3
 Gell's Gravitas          Tloc           0%         N/A       67%         3
 Ozocubu's Armour         Ice            0%         N/A       67%         3
 Passwall                 Erth           0%         N/A       67%         3
 Swiftness                Air            0%         N/A       67%         3
 Teleport Other           Tloc           0%         N/A       67%         3
 Manifold Assault         Tloc           0%         N/A       97%         4
 Summon Hydra             Summ           0%         N/A       100%        7


Dungeon Overview and Level Annotations

Branches:
Dungeon (4/15)             Temple (1/1) D:4         Ossuary (1/1)

Altars:
Dithmenos
Elyvilon
Fedhas
Gozag
Hepliaklqana
Makhleb
Nemelex Xobeh
Qazlal
Sif Muna
Trog
Vehumet
Wu Jian
Xom
Yredelemnul
Zin

Annotations:
Temple 2 transporters


Innate Abilities, Weirdness & Mutations

You are a hulking beast.
Your limbs bulge with bestial killing power. (Slay +4)
You cannot wear most types of armour.
You are amphibious.
You can wear up to eight rings at the same time.
Your skin changes colour to match your surroundings (Stealth+).
Your rubbery body absorbs attacks. (AC +1, EV +1)
((You are camouflaged when in or above water. (Stealth+)))
You have tentacles for arms and can constrict up to eight enemies at once.


Message History

Training target 7.0 for Shapeshifting reached!
Your Shapeshifting skill increases to level 7!
You need to enable at least one skill for training.
Unknown command.
You feel better. The elf zombie hits you.
* * * LOW HITPOINT WARNING * * *
Unknown command.
You closely miss the elf zombie. You grab the elf zombie.
You squeeze the elf zombie.
The elf zombie is moderately damaged.
You constrict the elf zombie. The rat zombie barely misses you.
The elf zombie hits you.
* * * LOW HITPOINT WARNING * * *
Unknown command.
You tentacle-slap the rat zombie. You grab the rat zombie.
The rat zombie is severely damaged.
You constrict the rat zombie.
You destroy the rat zombie!
The Council accepts your kill.
You constrict the elf zombie. The elf zombie hits you.
* * * LOW HITPOINT WARNING * * *
Unknown command.
You closely miss the adder zombie. You grab the adder zombie.
You constrict the elf zombie. You constrict the adder zombie.
The adder zombie bites you but does no damage.
Unknown command.
Unknown command.
You tentacle-slap the elf zombie.
The elf zombie is heavily damaged.
You constrict the elf zombie, but do no damage.
You constrict the adder zombie. The adder zombie barely misses you.
The elf zombie hits you.
* * * LOW HITPOINT WARNING * * *
Unknown command.
Unknown command.
You tentacle-slap the elf zombie. You squeeze the elf zombie.
The elf zombie is heavily damaged.
You constrict the elf zombie. You constrict the adder zombie.
The adder zombie closely misses you. The elf zombie hits you.
You die...

#################
.......ZZh∩......
........Z........
........#####....
..................
..................
.##.........Z.....
.##...............
.........Z........
.........Z........


You could see an adder zombie and 2 elf zombies.

Vanquished Creatures
  Grinder (D:3)
  An elf zombie (Ossuary)
  2 human zombies (Ossuary)
  An iguana (D:3)
  2 orc priests (D:3)
  A hound zombie (Ossuary)
  A mummy (Ossuary)
  A gnoll (D:3)
  3 adders
  A white imp (D:3)
  An adder zombie (Ossuary)
  A dart slug (D:3)
  7 orcs (D:3)
  4 ball pythons
  5 bats
  6 endoplasms
  4 giant cockroaches
  4 goblins
  9 hobgoblins
  2 quokkas (D:1)
  2 frilled lizards
  5 kobolds
  A kobold zombie (Ossuary)
  5 rats
  2 rat zombies (Ossuary)
72 creatures vanquished.

Notes
Turn   | Place    | Note
-------+----------+-------------------------------------------
     0 | D:1      | Newt the Octopode Shapeshifter began the quest for the Orb.
     0 | D:1      | Reached XP level 1. HP: 13/13 MP: 1/1
   128 | D:1      | Reached XP level 2. HP: 13/19 MP: 2/2
   428 | D:1      | Found a faded altar of an unknown god.
   687 | D:1      | Reached XP level 3. HP: 19/25 MP: 3/3
  1634 | D:3      | Reached XP level 4. HP: 16/31 MP: 4/4
  1851 | D:3      | Found a radiant altar of Vehumet.
  1858 | D:3      | Reached skill level 4 in Shapeshifting
  2055 | D:3      | Reached XP level 5. HP: 29/36 MP: 5/5
  2121 | D:3      | Noticed Grinder
  2130 | D:3      | Killed Grinder
  2131 | D:3      | Reached skill level 6 in Shapeshifting
  2131 | D:3      | Reached XP level 6. HP: 22/42 MP: 6/6
  2555 | D:3      | Found a shimmering blue altar of Sif Muna.
  2619 | D:3      | Got Sif Muna's Anthology of the Evil Eye
  2624 | D:3      | Found a bloodstained altar of Trog.
  2677 | D:3      | Found a blossoming altar of Fedhas.
  2781 | D:4      | Found a staircase to the Ecumenical Temple.
  2793 | Temple   | Found a transporter.
  2793 | Temple   | Found a transporter.
  2793 | Temple   | Found a transporter.
  2793 | Temple   | Found a transporter.
  2793 | Temple   | Entered the Ecumenical Temple
  2807 | Temple   | Became a worshipper of the Wu Jian Council
  2884 | D:4      | Found a sand-covered staircase.
  2892 | Ossuary  | Entered an ossuary
  2915 | Ossuary  | HP: 2/63 [mummy (13)]
  2916 | Ossuary  | Reached XP level 7. HP: 2/46 MP: 7/7
  2959 | Ossuary  | Reached skill level 7 in Shapeshifting
  2964 | Ossuary  | Slain by an elf zombie

Illustrated notes

Levels and vault maps discovered:
D:1:      denvon_arrival_planthouse, layout_basic,
          hellmonk_ecumenical_altar_blasted, minmay_misc_feat_hallway
D:2:      layout_loops_corners
D:3:      layout_rooms, nzn_overflow_gifts_of_might_and_magic, fedhas_altar_1,
          mainiacjoe_overflow_brackets, minmay_misc_feat_rugged,
          nicolae_concentric_dashed_squares_mild, dk_noncrumbling_4,
          uniq_grinder
D:4:      layout_loops_ring, minmay_temple_entry_ruins, enter_ossuary_1,
          minmay_small_thing
Temple:   hellmonk_temple_divided_pantheon
Ossuary:  ossuary_minmay_tomb_2a

Skill      XL: |  1  2  3  4  5  6  7 |
---------------+----------------------+-----
Fighting       | 2 3 |  3.0
Shapeshifting  | 4 6 7 |  7.0
Dodging        | |  2.3
Unarmed Combat | |  3.0

Action                     |  1- 3 |  4- 6 |  7- 9 || total
---------------------------+-------+-------+-------++-------
  Melee: Unarmed           |    72 |    78 |    43 ||   193
         Tentacles         |    15 |    14 |     3 ||    32
         Constrict         |    19 |    21 |     5 ||    45
         Punch             |     2 |       |     2 ||     4
    Use: Scroll            |     7 |     2 |       ||     9
         Potion            |     1 |     1 |     5 ||     7
   Stab: Sleeping          |     8 |     3 |       ||    11
 Armour: Skin              |    20 |    52 |    82 ||   154
  Dodge: Dodged            |    38 |    42 |    19 ||    99

Table legend: (Time is in decaauts)
 A = Elapsed time spent in this place.
 B = Non-inter-level travel time spent in this place.
 C = Inter-level travel time spent in this place.
 D = Time resting spent in this place.
 E = Time spent auto-exploring this place.
 F = Levels seen in this place.
 G = Mean time per level.
                   A        B        C        D        E       F      G
               +--------+--------+--------+--------+--------+-----+--------+
         Total |   2951 |   2867 |     84 |    195 |   2084 |   6 |  491.8 |
       Dungeon |   2850 |   2766 |     84 |    195 |   2084 |   4 |  712.5 |
        Temple |     31 |     31 |      0 |      0 |      0 |   1 |   31.0 |
       Ossuary |     68 |     68 |      0 |      0 |      0 |   1 |   68.0 |
               +--------+--------+--------+--------+--------+-----+--------+

Top non-repeatable levels by time:
     D:3: 1121 daAuts
     D:2: 803 daAuts
     D:1: 788 daAuts
     D:4: 137 daAuts
 Ossuary: 68 daAuts
  Temple: 31 daAuts
